 Dungeon Crawl Stone Soup version bcrawl-1.28.4 (webtiles) character file.

Game seed: 18406192818260445458

124856 Morbidden the Ducker (level 4, -2/46 HPs)
             Began as a Fairy Fighter on Jan 4, 2021.
             Slain by an orc wizard
             ... wielding a +0 dagger
              (4 damage)
             ... on level 3 of the Dungeon.
             The game lasted 00:02:52 (2134 turns).

Morbidden the Ducker (Fairy Fighter)                Turns: 2134, Time: 00:02:53

Health: -2/46      AC:  4    Str: 20 (21) XL:     4   Next: 65%
Magic:  7/7        EV: 18    Int:  9 (12) God:
Gold:   230        SH: 15    Dex: 14 (17) Spells: 5/5 levels left

rFire    . . .     SeeInvis .   a - +0 long sword
rCold    . . .     Gourm    .   j - +0 medium shield
rNeg     + . .     Faith    .   (armour unavailable)
rPois    .         Spirit   .   (helmet restricted)
rElec    .         Reflect  .   (no cloak)
rCorr    .         Harm     .   (no gloves)
MR       .....                  (no boots)
Stlth    ..........             (no amulet)
HPRegen  0.15/turn              l - ring of positive energy
MPRegen  0.10/turn              (no ring)

@: agile, berserking, flying evasively, very quick
A: small, magic attunement, unstealthy, unfitting armour, horns 1, strong 1,
able to fly, AC/SH +4
a: Stop Flying


You were on level 3 of the Dungeon.
You were not hungry.

You visited 1 branch of the dungeon, and saw 3 of its levels.

You collected 230 gold pieces.

Inventory:

Hand Weapons
 a - a +0 long sword (weapon)
 b - a +0 hunting sling
Missiles
 k - 994 stones (quivered)
Armour
 j - a +0 medium shield (worn)
 p - a +2 cloak
Jewellery
 l - a ring of positive energy (left hand)
 o - an uncursed ring of protection from fire {unknown}
Wands
 t - a wand of enslavement (4)
Scrolls
 d - 2 scrolls of teleportation {unknown}
 g - a scroll of fog {unknown}
 h - a scroll of magic mapping {unknown}
 n - 2 scrolls of identify
Potions
 c - a potion of might
 i - a potion of magic
 m - a potion of mutation
 r - a potion of cancellation {unknown}
 s - a potion of degeneration
 u - a potion of haste {unknown}
Comestibles
 e - 6 rations {!d}
 v - 4 chunks of flesh


   Skills:
 * Level 3.2 Fighting
 + Level 2.0 Long Blades
 + Level 0.8 Slings
 * Level 4.7 Dodging
 * Level 4.5 Shields
 * Level 1.2 Spellcasting


You had 5 spell levels left.
You didn't know any spells.
Your spell library was empty.

Dungeon Overview and Level Annotations

Branches:
Dungeon (3/12)

Altars:
Ashenzari
Hepliaklqana

Annotations:
D:2 Sigmund


Innate Abilities, Weirdness & Mutations

Your spells do not cause hunger and MP costs are reduced by 1.
Your bright wings attract enemies. (Stealth-)
You cannot fit into any form of body armour.
Your shimmering scales are hard and can block incoming attacks. (AC +4, SH +4)
You are small and have problems with some larger weapons.
You can fly continuously.
You have a pair of small horns on your head.
Your muscles are strong. (Str +2)


Message History

It was a potion of mutation.
You feel extremely strange. A pair of horns grows on your head!
You feel stronger. Something hits you.
* * * LOW HITPOINT WARNING * * *
Unknown command.
Okay, then.
It was a potion of degeneration.
There was something very wrong with that liquid.
You feel weakened.
You feel dopey.
You feel clumsy.
You feel less confused. Something hits you but does no damage.
Unknown command.
It was a potion of agility.
You feel agile all of a sudden. Something hits you but does no damage.
Unknown command.
It was a potion of berserk rage.
A red film seems to cover your vision as you go berserk!
You feel yourself moving faster!
You feel mighty! Something hits you.
You die...

.. .. .. #.
.. #.
#####.###.
###.###.
#.@{.)....
.......<
#.###.###.
........
#.....#
########
######..####
#.....).#
#.#####.#
#.# #.# #.#
#.# #.# #.#


There were no monsters in sight!

Vanquished Creatures
  An adder (D:3)
  An ooze (D:1)
  3 worms (D:2)
  3 dart slugs
  2 leopard geckos
  3 orcs (D:3)
  A ball python (D:1)
  3 bats
  2 giant cockroaches (D:1)
  8 goblins
  8 hobgoblins
  5 jackals
  9 kobolds
  A quokka (D:2)
  4 frilled lizards
  2 rats
56 creatures vanquished.

Notes
Turn   | Place    | Note
-------+----------+-------------------------------------------
     0 | D:1      | Morbidden the Fairy Fighter began the quest for the Orb.
     0 | D:1      | Reached XP level 1. HP: 15/15 MP: 3/3
   120 | D:1      | Reached XP level 2. HP: 20/20 MP: 4/4
   326 | D:1      | Reached XP level 3. HP: 18/25 MP: 5/5
  1210 | D:2      | Reached skill level 1 in Spellcasting
  1419 | D:2      | Reached XP level 4. HP: 23/31 MP: 7/7
  1696 | D:2      | Found a shattered altar of Ashenzari.
  1771 | D:2      | Noticed Sigmund
  1945 | D:3      | Found a hazy altar of Hepliaklqana.
  2131 | D:3      | Gained mutation: You have a pair of small horns on your
                  | head. [potion of mutation]
  2131 | D:3      | Gained mutation: Your muscles are strong. (Str +2) [potion
                  | of mutation]
  2131 | D:3      | HP: 1/31 [something (1)]
  2134 | D:3      | Slain by an orc wizard

Skill      XL: |  1  2  3 |
---------------+----------+-----
Shields        | 4 |  4.5
Fighting       | 3 |  3.2
Long Blades    | 2 |  2.0
Spellcasting   | 1 |  1.2
Slings         | |  0.8
Dodging        | |  4.7

Action                   |  1- 3 |  4- 6 || total
-------------------------+-------+-------++-------
Melee: Long sword        |   124 |    19 ||   143
       Hunting sling     |       |     2 ||     2
 Fire: Hunting sling     |    24 |    60 ||    84
Evoke: Wand              |       |     3 ||     3
  Use: Potion            |       |     5 ||     5
  Eat: Chunk             |     7 |     5 ||    12
Armor: Skin              |    27 |    13 ||    40
Dodge: Dodged            |    54 |    13 ||    67
Block: Medium shield     |   114 |    26 ||   140
